 Dungeon Crawl Stone Soup version 0.21.1-1-g345015f (webtiles) character file.

39 tidbits the Grave Robber (level 3, -3/25 HPs)
             Began as a Gnoll Necromancer on June 20, 2018.
             Killed by divine providence
             ... invoked by an orc priest
              (12 damage)
             ... on level 3 of the Dungeon.
             The game lasted 00:04:01 (384 turns).

tidbits the Grave Robber (Gnoll Necromancer)         Turns: 384, Time: 00:04:02

Health: -3/25      AC:  2    Str: 10    XL:     3   Next: 47%
Magic:  5/9        EV: 14    Int: 18    God:
Gold:   43         SH:  0    Dex: 15    Spells: 4/12 levels left

rFire    . . .     SeeInvis .   a - +0 dagger
rCold    . . .     Gourm    .   (no shield)
rNeg     . . .     Faith    .   e - +0 robe
rPois    .         Spirit   .   (no helmet)
rElec    .         Reflect  .   (no cloak)
rCorr    .         Harm     .   (no gloves)
MR       .....                  (no boots)
Stlth    +++.......             k - amulet of magic regeneration
HPRegen  0.08/turn              W - ring of wizardry
MPRegen  0.11/turn              (no ring)

@: no status effects
A: distributed training, fangs 1, strong nose
a: no special abilities


You were on level 3 of the Dungeon.
You were not hungry.

You visited 1 branch of the dungeon, and saw 3 of its levels.

You collected 43 gold pieces.

Inventory:

Hand Weapons
 a - a +0 dagger (weapon)
Armour
 e - a +0 robe (worn)
Jewellery
 g - an uncursed amulet of rage
   (You found it on level 1 of the Dungeon)
 k - an amulet of magic regeneration (around neck)
   (You found it on level 2 of the Dungeon)
 W - a ring of wizardry (left hand)
   (You found it on level 2 of the Dungeon)
Scrolls
 d - a scroll of identify
 j - a scroll of enchant armour
Potions
 f - a potion of curing {unknown}
 h - 2 potions of brilliance {unknown}
 i - a potion of resistance
Books
 b - a book of Necromancy

   Spells                             Type                      Level
   a - Pain                           Necromancy                   1
   b - Animate Skeleton               Necromancy                   1
   c - Vampiric Draining              Necromancy                   3
   d - Regeneration                   Charms/Necromancy            3
   e - Animate Dead                   Necromancy                   4
   f - Borgnjor's Vile Clutch         Necromancy/Earth             5
Comestibles
 c - 3 rations


   Skills:
 + Level 0.8 Fighting
 + Level 0.8 Short Blades
 + Level 0.8 Long Blades
 + Level 0.8 Axes
 + Level 0.8 Maces & Flails
 + Level 0.8 Polearms
 + Level 0.8 Staves
 + Level 0.8 Slings
 + Level 0.8 Bows
 + Level 0.8 Crossbows
 + Level 0.8 Throwing
 + Level 0.8 Armour
 + Level 4.5 Dodging
 + Level 4.1 Stealth
 + Level 0.8 Shields
 + Level 0.8 Unarmed Combat
 + Level 5.0 Spellcasting
 + Level 0.5 Conjurations
 + Level 0.5 Hexes
 + Level 0.5 Charms
 + Level 0.5 Summonings
 + Level 7.1 Necromancy
 + Level 0.5 Translocations
 + Level 0.5 Transmutations
 + Level 0.5 Fire Magic
 + Level 0.5 Ice Magic
 + Level 0.5 Air Magic
 + Level 0.5 Earth Magic
 + Level 0.5 Poison Magic
 + Level 1.0 Invocations
 + Level 0.8 Evocations


You had 4 spell levels left.
You knew the following spells:

 Your Spells              Type           Power        Failure   Level  Hunger
a - Pain                  Necr           ####         1%          1    None
d - Vampiric Draining     Necr           ####......   1%          3    ##.....
n - Animate Skeleton      Necr           N/A          1%          1    None
r - Regeneration          Chrm/Necr      ###.......   3%          3    ##.....


Dungeon Overview and Level Annotations

Branches:
Dungeon (3/15)

Altars:


Innate Abilities, Weirdness & Mutations

Your experience applies equally to all skills.
You have very sharp teeth.
Your uncanny sense of smell can sniff out nearby items.


Message History

You see here a lumpy jasper amulet.
k - a lumpy jasper amulet Put on which piece of jewellery? (? for menu, Esc to quit)
You remove your amulet of rage.
You sense that the amulet cannot attune itself to your exhausted body.
k - an amulet of magic regeneration (around neck)
You see here 5 gold pieces.
Casting: Pain
Confirm with . or Enter, or press ? or * to list all spells.
Aiming: Pain
Press: ? - help, Shift-Dir - straight line, f - quokka
Aim: a quokka (hasn't noticed you, chance to defeat MR: 93%)
The quokka writhes in agony!
You miss the quokka.
The quokka is moderately wounded.
The quokka closely misses you.
Casting: Pain
Confirm with . or Enter, or press ? or * to list all spells.
Aiming: Pain
Press: ? - help, Shift-Dir - straight line, f/p - quokka
Aim: a quokka (moderately wounded, chance to defeat MR: 93%)
The quokka writhes in agony!
The quokka closely misses you.
Casting: Pain
Confirm with . or Enter, or press ? or * to list all spells.
Aiming: Pain
Press: ? - help, Shift-Dir - straight line, f/p - quokka
Aim: a quokka (severely wounded, chance to defeat MR: 93%)
The quokka writhes in agony!
You kill the quokka!
You see here a quokka corpse.
Unknown command.
You see here 5 gold pieces.
You now have 35 gold pieces (gained 5).
You see here a quokka corpse.
Found 8 gold pieces.
You see here 8 gold pieces.
You now have 43 gold pieces (gained 8).
Found a stone staircase leading down.
A frilled lizard comes into view.
A bat comes into view.
The frilled lizard hisses angrily.
The bat misses you. The frilled lizard barely misses you.
You barely miss the frilled lizard. The bat hits you.
The frilled lizard bites you but does no damage.
The bat hits you.
* * * LOW HITPOINT WARNING * * *
You closely miss the bat. Your bite misses the bat.
The bat hits you but does no damage.
You closely miss the frilled lizard. The frilled lizard bites you.
* * * LOW HITPOINT WARNING * * *
You barely miss the frilled lizard. The frilled lizard barely misses you.
You closely miss the frilled lizard.
The frilled lizard bites you but does no damage.
You barely miss the frilled lizard. The frilled lizard closely misses you.
You hit the frilled lizard.
The frilled lizard is heavily wounded.
The frilled lizard misses you.
You hit the frilled lizard but do no damage.
The frilled lizard is heavily wounded.
The frilled lizard closely misses you.
You barely miss the frilled lizard.
The frilled lizard is heavily wounded.
The frilled lizard closely misses you.
You hit the frilled lizard but do no damage.
The frilled lizard is heavily wounded.
The frilled lizard misses you.
You hit the frilled lizard.
You kill the frilled lizard!
The bat closely misses you.
You closely miss the bat. The bat hits you.
* * * LOW HITPOINT WARNING * * *
The bat closely misses you.
Casting: Pain
Confirm with . or Enter, or press ? or * to list all spells.
Aiming: Pain
Press: ? - help, Shift-Dir - straight line, f - bat
Aim: a bat (chance to defeat MR: 93%)
The bat writhes in agony!
The bat hits you.
* * * LOW HITPOINT WARNING * * *
Casting: Pain
Confirm with . or Enter, or press ? or * to list all spells.
Aiming: Pain
Press: ? - help, Shift-Dir - straight line, f/p - bat
Aim: a bat (moderately wounded, chance to defeat MR: 93%)
The bat writhes in agony!
You kill the bat!
Your Invocations skill increases to level 1!
A leopard gecko comes into view.
There is a stone staircase leading down here.
The leopard gecko hisses angrily.
You climb downwards.
A bat, a worm, a hobgoblin and 3 orcs come into view.
An orc is wielding a trident of venom.
Found 7 gold pieces.
Found a stone staircase leading up.
There is a stone staircase leading up here.
The orc priest shouts!
The orc priest invokes the aid of Beogh against you.
Beogh smites you!
You die...

# . ∆ .# ..
######.####
...##....g<....
#............#
#......o...#
#..@..b...#
#.........#
##........#
.........#
..w.......#
o..........#
..#.........#
.o############


You could see a worm, an orc priest, an orc wizard (wandering), an orc, a
hobgoblin (sleeping) and a bat.

Vanquished Creatures
  An adder (D:2)
  An ooze (D:1)
  2 bats (D:2)
  A giant cockroach (D:2)
  4 goblins
  3 hobgoblins
  2 jackals (D:2)
  A quokka (D:2)
  2 frilled lizards
  3 kobolds
  6 rats
26 creatures vanquished.

Notes
Turn   | Place    | Note
-------+----------+-------------------------------------------
     0 | D:1      | tidbits the Gnoll Necromancer began the quest for the Orb.
     0 | D:1      | Reached XP level 1. HP: 13/13 MP: 6/6
    97 | D:1      | Reached XP level 2. HP: 8/19 MP: 7/7
   238 | D:2      | Reached XP level 3. HP: 2/25 MP: 3/9
   252 | D:2      | Learned a level 3 spell: Regeneration
   262 | D:2      | Learned a level 1 spell: Animate Skeleton
   266 | D:2      | Learned a level 3 spell: Vampiric Draining
   294 | D:2      | Reached skill level 5 in Spellcasting
   379 | D:2      | Reached skill level 1 in Invocations
   384 | D:3      | Killed from afar by an orc priest

Skill      XL: |  1  2  3 |
---------------+----------+-----
Spellcasting   | 5 |  5.0
Invocations    | 1 |  1.0
Fighting       | |  0.8
Short Blades   | |  0.8
Long Blades    | |  0.8
Axes           | |  0.8
Maces & Flails | |  0.8
Polearms       | |  0.8
Staves         | |  0.8
Slings         | |  0.8
Bows           | |  0.8
Crossbows      | |  0.8
Throwing       | |  0.8
Armour         | |  0.8
Dodging        | |  4.5
Stealth        | |  4.1
Shields        | |  0.8
Unarmed Combat | |  0.8
Conjurations   | |  0.5
Hexes          | |  0.5
Charms         | |  0.5
Summonings     | |  0.5
Necromancy     | |  7.1
Translocations | |  0.5
Transmutations | |  0.5
Fire Magic     | |  0.5
Ice Magic      | |  0.5
Air Magic      | |  0.5
Earth Magic    | |  0.5
Poison Magic   | |  0.5
Evocations     | |  0.8

Action                   || total
-------------------------++-------
Melee: Dagger            ||    25
 Cast: Pain              ||    35
       Regeneration      ||     1
  Use: Scroll            ||     2
Armor: Robe              ||     4
Dodge: Dodged            ||    23

Table legend:
 A = Turns spent in this place as a percentage of turns spent in the entire game.
 B = Non-inter-level travel turns spent in this place as a percentage of non-inter-level travel turns spent in the entire game.
 C = Inter-level travel turns spent in this place as a percentage of turns spent in this place.
 D = Turns resting spent in this place as a percentage of non-inter-level travel turns spent in this place.
 E = Turns spent auto-exploring this place as a percentage of non-inter-level travel turns spent in this place.
 F = Non-inter-level travel turns spent in this place divided by the number of levels of this place that you've seen.
                   A       B       C       D       E      F
               +-------+-------+-------+-------+-------+----------------------
         Total | 100.0 | 100.0 |   0.0 |   0.0 |   0.0 | 128.0
       Dungeon | 100.0 | 100.0 |   0.0 |   0.0 |   0.0 | 128.0
               +-------+-------+-------+-------+-------+----------------------

Table legend:
 A = Kills in this place as a percentage of kills in entire the game.
 B = Kills by you in this place as a percentage of kills by you in the entire game.
 C = Kills by friends in this place as a percentage of kills by friends in the entire game.
 D = Other kills in this place as a percentage of other kills in the entire game.
 E = Experience gained in this place as a percentage of experience gained in the entire game.
 F = Experience gained in this place divided by the number of levels of this place that you have seen.
                   A       B       C       D       E      F
               +-------+-------+-------+-------+-------+----------------------
         Total | 100.0 | 100.0 |   N/A |   N/A | 100.0 |  19.0
       Dungeon | 100.0 | 100.0 |   N/A |   N/A | 100.0 |  19.0
               +-------+-------+-------+-------+-------+----------------------

Vault maps used:
D:1:      lightli_arrival_quake
D:3:      xom_redecorated, lemuel_round_altar, lemuel_crystal_altar,
          moated_statue, lemuel_statue_altar
